Map: Thunderbird LE

Players

souL - Winner!

  • Race: Terran Terran
  • Spawn Location: 5:00

Nerchio

  • Race: Zerg Zerg
  • Spawn Location: 11:00

Event: 2019 WCS Summer

VOD

Have the link to the VOD?

Description

Time

  • Played on: July 13, 2019, 9:04 a.m.
  • Length: 16:51

All games in this series

Show
View Real Time Build Order
Export as new Build Order

souL Terran - Winner!

Build Orders: Liberator Opening, Reaper Expand 

Get SALT Encoding   

  12  0:00  SCV  
  13  0:12  SCV  
  14  0:16  Supply Depot  
  14  0:25  SCV  
  15  0:38  SCV  
  15  0:39  Barracks  
  16  0:43  Refinery  
  16  0:50  SCV  
  17  1:02  SCV  
  18  1:14  SCV  
  19  1:27  Orbital Command, Reaper  
  20  1:39  Command Center  
  20  1:47  Supply Depot  
  20  1:53  SCV  
  21  1:58  Marine  
  22  2:04  Factory  
  22  2:07  SCV  
  23  2:12  Refinery  
  23  2:20  Barracks Reactor  
  23  2:25  SCV  
  24  2:37  SCV  
  25  2:49  Starport, SCV  
  27  2:53  Orbital Command  
  26  3:00  Hellion x2  
  26  3:01  SCV  
  26  3:04  Barracks Tech Lab  
  31  3:13  SCV  
  31  3:17  Liberator  
  31  3:19  SCV  
  33  3:22  Hellion x2  
  33  3:25  SCV  
  38  3:31  SCV  
  39  3:35  Marine  
  39  3:38  SCV  
  39  3:40  Supply Depot  
  43  3:43  SCV  
  44  3:50  SCV  
  44  3:51  Factory Reactor, Stimpack  
  44  3:54  Barracks  
  45  3:57  Barracks, SCV  
  45  4:02  Marine  
  47  4:04  SCV, Supply Depot  
  47  4:09  SCV  
  49  4:16  SCV  
  50  4:19  Marine, Starport Reactor  
  50  4:21  SCV  
  52  4:28  SCV  
  53  4:33  Command Center  
  53  4:37  Marine  
  53  4:38  SCV  
  55  4:39  Supply Depot  
  55  4:41  Supply Depot  
  55  4:42  SCV  
  55  4:43  Marine x2  
  58  4:50  SCV  
  59  4:53  Marine  
  59  4:54  Engineering Bay x2  
  59  4:55  Marine x2  
  62  5:02  Marine, Medivac x2  
  62  5:06  Supply Depot  
  67  5:07  SCV x2  
  67  5:09  Marine  
  70  5:15  Factory Reactor, Refinery  
  70  5:17  Refinery  
  70  5:27  Marine x2, SCV x2, Supply Depot  
  74  5:30  Terran Infantry Weapons Level 1  
  74  5:31  Supply Depot, Terran Infantry Armor Level 1  
  74  5:32  Marine  
  75  5:36  Marine x2  
  75  5:42  SCV  
  78  5:45  Marine x2, SCV  
  78  5:48  Orbital Command  
  81  5:52  Combat Shield  
  81  5:53  Marine  
  81  5:54  SCV  
  84  5:57  SCV, Supply Depot  
  84  6:00  Marine  
  84  6:01  Medivac  
  84  6:02  Medivac  
  84  6:03  Marine  
  90  6:04  Marine  
  90  6:06  SCV  
  90  6:10  Marine  
  93  6:14  Marine  
  93  6:18  Marine  
  91  6:21  Marine  
  91  6:22  Marine  
  87  6:28  Marine  
  87  6:30  SCV x3  
  87  6:31  Medivac  
  87  6:32  Marine, Medivac  
  90  6:36  Marine  
  90  6:38  Marine  
  90  6:39  Widow Mine  
  91  6:40  Marine  
  91  6:42  SCV x3  
  91  6:44  Armory  
  91  6:46  Marine, Armory  
  96  6:47  Supply Depot  
  96  6:50  Marine  
  96  6:54  Marine, SCV x3  
  97  6:55  Widow Mine  
  97  7:00  Widow Mine  
  105  7:02  Marine  
  105  7:05  Factory  
  105  7:06  SCV x3  
  109  7:08  Medivac  
  109  7:11  Barracks, Concussive Shells, Marine  
  109  7:15  Marine  
  113  7:17  Widow Mine  
  113  7:22  Marine  
  116  7:25  Medivac  
  116  7:29  Marine x3  
  121  7:30  SCV  
  121  7:32  SCV  
  121  7:34  SCV  
  121  7:35  Marine  
  123  7:38  Medivac  
  119  7:45  Marine  
  119  7:46  Marine  
  119  7:47  Marine  
  119  7:48  Marine, Supply Depot  
  119  7:49  SCV  
  119  7:50  Supply Depot  
  119  7:51  Command Center  
  124  7:52  Supply Depot  
  124  7:53  Marine  
  125  7:59  Factory Tech Lab, Barracks Reactor  
  125  8:02  Barracks  
  125  8:06  Barracks  
  125  8:10  Marine x4, Medivac x2  
  125  8:11  Marine  
  131  8:15  SCV  
  125  8:20  SCV x2  
  125  8:22  Terran Infantry Weapons Level 2  
  127  8:27  Refinery, SCV  
  127  8:28  Marine x5  
  127  8:29  Refinery  
  131  8:35  Drilling Claws  
  131  8:36  Marine  
  131  8:40  Medivac  
  134  8:45  Marine x3, Terran Infantry Armor Level 2  
  134  8:46  Marine  
  134  8:47  Missile Turret  
  138  8:52  Marine x2  
  138  8:54  Barracks Tech Lab x2  
  138  8:55  Marine  
  136  8:57  Barracks  
  136  8:59  Terran Vehicle And Ship Armor Level 1  
  136  9:00  SCV  
  138  9:04  Marine, Marauder  
  138  9:06  Marine x2  
  138  9:09  Marine x2, Medivac  
  134  9:13  Marine, Widow Mine x2  
  134  9:16  Marine  
  140  9:22  Marine  
  140  9:23  Widow Mine  
  134  9:24  Marine  
  134  9:25  Marauder  
  134  9:26  Marine, Medivac  
  134  9:28  Marine  
  134  9:29  Marauder  
  138  9:34  Marauder, Widow Mine x2  
  138  9:35  Marine  
  142  9:43  SCV x3  
  142  9:44  Widow Mine  
  147  9:47  Marauder  
  147  9:50  Marauder  
  143  9:55  SCV x3  
  143  9:56  Widow Mine x2  
  143  9:57  Marauder, Marine  
  134  10:00  Barracks Reactor  
  134  10:01  Medivac  
  134  10:06  Widow Mine  
  133  10:07  SCV  
  133  10:08  SCV x2  
  133  10:10  Missile Turret  
  136  10:14  Missile Turret  
  136  10:15  Missile Turret  
  136  10:17  Widow Mine x2  
  136  10:18  Missile Turret  
  136  10:19  SCV  
  136  10:20  SCV x2, Planetary Fortress  
  141  10:22  Marine  
  141  10:23  Marauder  
  141  10:27  Thor  
  150  10:30  Marine  
  150  10:31  Marauder  
  150  10:32  SCV  
  150  10:33  Medivac  
  150  10:34  Marauder, Marine  
  159  10:42  Command Center  
  159  10:44  Marine x2  
  159  10:45  Marauder, Marine  
  164  10:50  Supply Depot x2  
  164  10:52  Marine x2, Medivac  
  164  10:53  Marauder  
  164  10:55  Marauder  
  172  11:11  Marine x2, Medivac  
  172  11:12  Marauder  
  172  11:14  Marauder  
  172  11:16  Marine  
  172  11:17  Marine  
  157  11:18  Marine  
  157  11:19  Marine x4  
  157  11:20  Widow Mine  
  157  11:21  Widow Mine  
  148  11:26  Terran Infantry Weapons Level 3, Refinery  
  148  11:27  Refinery  
  148  11:29  Marine  
  146  11:33  Marauder, Widow Mine  
  146  11:35  Terran Infantry Armor Level 3  
  146  11:36  Marine  
  146  11:37  Marauder x2  
  153  11:40  Missile Turret  
  153  11:42  Widow Mine  
  153  11:43  Missile Turret x2  
  153  11:44  Sensor Tower  
  153  11:46  Marine x2, Widow Mine  
  159  11:49  Marine  
  160  11:54  Marauder, Widow Mine  
  160  11:57  Marine  
  160  11:58  Marauder x2  
  160  12:00  Liberator x2  
  169  12:02  Marine  
  170  12:11  Marine x2  
  163  12:16  Marauder  
  163  12:20  Marauder x2  
  163  12:22  Marine  
  176  12:25  Marine, Missile Turret  
  176  12:26  Missile Turret  
  176  12:27  Marine, Missile Turret  
  176  12:28  Marine  
  176  12:29  Marine  
  168  12:31  Marine x3  
  159  12:37  Marauder  
  159  12:40  Marine  
  159  12:41  Marauder x2  
  159  12:43  Command Center  
  166  12:46  Marine  
  166  12:49  Widow Mine  
  169  12:53  Marine x3  
  169  12:54  Marine  
  172  12:59  Marine, Marauder  
  172  13:00  Marine, Medivac x2  
  172  13:01  Marine  
  172  13:04  Marine  
  159  13:06  Marine  
  159  13:07  Marauder  
  159  13:11  Marine x3  
  159  13:12  Marine  
  147  13:17  Marine  
  147  13:18  Marine  
  147  13:19  Marine  
  137  13:29  Marine  
  137  13:30  Widow Mine, Medivac x2  
  137  13:32  Widow Mine x2  
  145  13:37  Marauder x2, Marine  
  145  13:40  Marine  
  153  13:41  Marauder  
  153  13:48  Marine  
  152  13:51  Widow Mine  
  152  13:52  SCV x3  
  152  13:53  Widow Mine x2  
  161  13:56  Marine  
  161  13:58  Marauder, Planetary Fortress  
  161  13:59  Marauder  
  161  14:00  Medivac x2  
  169  14:04  SCV x3  
  169  14:05  Missile Turret  
  169  14:08  Marauder  
  174  14:12  Widow Mine  
  174  14:13  Neosteel Armor  
  174  14:15  Widow Mine x2  
  180  14:19  Marine  
  180  14:20  Missile Turret, Sensor Tower  
  174  14:27  Marauder, Marine  
  174  14:28  Marauder  
  174  14:30  Medivac x2  
  183  14:36  Starport  
  183  14:37  Starport  
  183  14:38  Fusion Core  
  183  14:41  Bunker  
  183  14:42  Liberator  
  183  14:57  Marauder x2  
  183  14:58  Command Center  
  187  15:01  Marauder  
  187  15:03  Command Center  
  187  15:07  Marine  
  186  15:09  Marine x2  
  186  15:12  Marine  
  186  15:13  Marine  
  185  15:17  Missile Turret  
  185  15:18  Marauder x2  
  185  15:22  Marauder  
  185  15:24  Starport Reactor  
  185  15:27  Marine  
  185  15:28  Starport Tech Lab  
  185  15:36  Liberator  
  185  15:39  Marauder  
  185  15:40  Marauder  
  186  15:44  Marauder  
  186  15:48  Liberator  
  186  15:49  Liberator x2  
  175  15:50  Marine  
  175  15:56  SCV x3  
  170  15:59  Marine  
  170  16:01  Marauder x2  
  175  16:05  Marauder  
  175  16:08  SCV x2  
  175  16:09  SCV  
  188  16:20  SCV x2  
  188  16:21  SCV  
  189  16:28  Missile Turret  
  189  16:29  Sensor Tower  
  189  16:32  SCV  
  189  16:33  SCV x2  
Show
View Real Time Build Order
Export as new Build Order

Nerchio Zerg 

Build Orders: Hatch First, Muta Ling Bane 

Get SALT Encoding   

  12  0:00  Drone  
  13  0:12  Overlord  
  13  0:17  Drone  
  14  0:30  Drone x2  
  16  0:48  Hatchery  
  15  0:51  Drone  
  15  0:54  Drone  
  17  0:58  Drone  
  18  1:08  Extractor  
  17  1:13  Spawning Pool  
  17  1:15  Drone  
  17  1:19  Drone  
  18  1:27  Drone  
  19  1:38  Drone  
  20  1:49  Overlord  
  20  2:00  Queen x2  
  20  2:01  Zergling x4  
  26  2:07  Metabolic Boost  
  26  2:11  Drone x2  
  29  2:22  Drone  
  29  2:23  Drone  
  30  2:32  Drone x2  
  31  2:41  Queen  
  33  2:47  Overlord  
  33  2:49  Drone  
  34  2:53  Zergling x2  
  34  2:57  Zergling x2  
  36  3:05  Drone x2  
  38  3:10  Drone x2  
  38  3:11  Drone  
  41  3:15  Drone  
  42  3:22  Drone  
  42  3:28  Drone  
  42  3:30  Drone, Hatchery  
  42  3:40  Drone  
  43  3:42  Overlord  
  43  3:51  Overlord x2  
  43  3:59  Queen x2  
  43  4:00  Drone  
  43  4:01  Drone x3  
  51  4:04  Evolution Chamber  
  51  4:05  Overlord x3  
  51  4:07  Drone  
  51  4:13  Drone  
  51  4:15  Drone  
  53  4:23  Zergling x6  
  56  4:26  Zergling x2  
  56  4:29  Zerg Ground Armor Level 1  
  57  4:35  Queen  
  57  4:37  Drone x5  
  64  4:38  Queen  
  64  4:43  Spore Crawler  
  65  4:46  Drone x2  
  65  4:48  Spore Crawler  
  66  4:57  Drone x3  
  66  4:59  Drone  
  70  5:00  Queen  
  70  5:01  Extractor  
  70  5:02  Drone x3  
  74  5:09  Drone x2  
  74  5:12  Drone x4, Extractor  
  74  5:14  Lair  
  79  5:15  Extractor  
  79  5:16  Drone x2, Extractor  
  79  5:21  Drone  
  79  5:25  Drone  
  81  5:30  Drone x3  
  81  5:31  Drone  
  81  5:32  Drone  
  86  5:36  Baneling Nest  
  86  5:38  Drone  
  86  5:46  Zergling x10  
  91  5:54  Overlord x2  
  91  5:59  Evolution Chamber  
  91  6:00  Extractor  
  91  6:01  Zergling x2  
  91  6:02  Zergling x8  
  91  6:14  Drone x6  
  91  6:15  Drone  
  91  6:16  Drone  
  90  6:24  Drone x3  
  89  6:26  Drone  
  89  6:27  Drone x2  
  89  6:30  Zerg Ground Armor Level 2  
  89  6:32  Zerg Melee Weapons Level 1  
  85  6:33  Centrifical Hooks  
  85  6:35  Drone x3, Spire  
  85  6:36  Drone  
  86  6:48  Drone x5  
  86  6:50  Hatchery  
  90  6:55  Zergling x6  
  94  7:01  Zergling x2  
  94  7:04  Zergling x10  
  99  7:10  Hatchery  
  99  7:14  Zergling x2  
  99  7:19  Zergling x10  
  99  7:21  Spire  
  101  7:27  Zergling x6  
  104  7:32  Zergling x6, Extractor  
  104  7:33  Extractor  
  97  7:39  Zergling x8  
  97  7:41  Drone, Queen  
  98  7:44  Drone  
  98  7:47  Drone x3  
  102  7:51  Drone x2  
  104  8:00  Zergling x4  
  106  8:06  Zergling x6  
  104  8:15  Zergling x2  
  104  8:16  Zergling x8  
  99  8:24  Zergling x12  
  103  8:28  Zergling x6  
  103  8:31  Zerg Melee Weapons Level 2  
  103  8:33  Zerg Flyer Weapons Level 1  
  107  8:34  Zergling x4  
  107  8:35  Baneling x9  
  107  8:40  Zergling x8  
  111  8:50  Infestation Pit  
  111  8:54  Hatchery  
  109  9:00  Mutalisk x5  
  119  9:08  Mutalisk x5  
  118  9:13  Zergling x10  
  118  9:15  Overlord x2  
  114  9:33  Baneling x4, Mutalisk x8  
  114  9:37  Baneling x2  
  114  9:38  Overseer  
  122  9:40  Zergling x6  
  117  9:53  Zergling x12  
  117  9:59  Drone x2  
  124  10:07  Drone x5  
  124  10:10  Drone  
  128  10:15  Drone  
  128  10:18  Baneling x2  
  128  10:19  Baneling x25  
  128  10:20  Drone x2  
  131  10:22  Drone  
  132  10:35  Zergling x2, Hive  
  130  10:36  Zergling x12  
  130  10:37  Spore Crawler  
  130  10:38  Spine Crawler  
  130  10:39  Zerg Flyer Weapons Level 2  
  135  10:43  Pneumatized Carapace  
  135  10:49  Overlord x3  
  135  10:50  Overlord  
  135  11:02  Drone  
  135  11:03  Drone x3  
  131  11:10  Zergling x24  
  129  11:21  Zergling x8  
  126  11:25  Drone  
  126  11:26  Drone  
  126  11:30  Overseer  
  126  11:31  Overseer  
  123  11:36  Baneling  
  123  11:37  Baneling x8, Zergling x2  
  123  11:38  Zergling x10  
  129  11:42  Baneling x3  
  129  11:46  Zergling x4  
  131  11:52  Zerg Ground Armor Level 3  
  131  11:53  Hatchery  
  130  11:54  Zerg Melee Weapons Level 3  
  130  12:02  Baneling x7  
  130  12:05  Zergling x14  
  137  12:18  Zergling x14  
  121  12:33  Zergling x16  
  120  12:38  Zergling x4  
  120  12:40  Baneling x9  
  120  12:43  Zergling x4  
  123  12:48  Baneling x10  
  123  12:49  Zergling x6  
  124  12:53  Zergling x2  
  124  12:54  Hatchery, Queen  
  124  12:55  Queen  
  126  13:01  Zergling x10  
  120  13:08  Zergling x8  
  117  13:14  Zergling x2  
  117  13:18  Zergling x2  
  117  13:19  Zergling x4  
  111  13:21  Adrenal Glands  
  111  13:22  Zergling x2  
  111  13:23  Zergling x2  
  108  13:29  Baneling x8, Mutalisk  
  108  13:30  Mutalisk x3  
  108  13:32  Mutalisk  
  118  13:35  Baneling x5  
  118  13:48  Zergling x4  
  118  13:53  Zergling x2, Hatchery  
  119  13:59  Zergling x6  
  119  14:11  Zergling x8  
  119  14:13  Hatchery  
  121  14:20  Zergling x16  
  129  14:35  Zergling x6  
  129  14:36  Zergling x8  
  136  14:42  Hatchery  
  135  14:47  Ultralisk Cavern  
  135  14:52  Zergling x2  
  135  14:53  Zergling x16  
  135  14:55  Baneling  
  135  14:56  Baneling x5  
  141  15:09  Zergling x16  
  145  15:19  Baneling  
  145  15:21  Baneling x16  
  141  15:34  Baneling x13  
  125  15:54  Zergling x22  
  125  15:55  Zergling x2  
  130  16:01  Baneling x9  
  130  16:02  Baneling  
  129  16:05  Overseer x2  
  129  16:08  Baneling x4  
  129  16:14  Overseer  
  128  16:35  Hatchery  
Tags
 
Add a new tag
Caveats
  • Supply blocks, unpowered buildings, or Contaminate may cause inaccurate times.
  • Supply counts are checked every 10 seconds.